AoeStats
← ROBINLACHIENNE

Arabia

505104332Analyzed
1v1 RM · 24d ago on Sep 7, 2026· 21m 40s· 2 players
Game mode
Random Map
Map size
Tiny (2 player)
Population
200
Speed
Normal
Resources
Standard
Victory
Conquest
Starting age
Dark Age
Ending age
Imperial Age
RankedLock teamsTeams togetherTeam positionsShared explorationLock speedFull tech treeHidden civsTurbo modeCheats
Victory
Defeat
🇫🇷 Khitans · France
1272
+16
🇧🇷 Magyars · Brazil
1274
-16
ROBINLACHIENNE
6:00 Loom
8:58 Feudal Age
10:07 Double-Bit Axe
13:44 Domestication
17:24 Fletching
17:36 Padded Archer Armor
21:19 Castle Age
19:04 Town Watch
21:59 Bodkin Arrow
22:19 Leather Archer Armor
bakke2k
4:44 Loom
9:31 Feudal Age
10:56 Double-Bit Axe
12:53 Horse Collar
13:12 Town Watch
18:27 Wheelbarrow
23:22 Castle Age
Connection lost

Rejoining the realm…

Still unreachable

The connection could not be restored.

Session expired

The server has moved on; the page needs a fresh start.